 Dungeon Crawl Stone Soup version 0.31.0-2-g5a2aebc5c2 (webtiles) character file.

Game seed: 14691347274634185921

536 gelatine the Shooter (level 7, 0/52 HPs)
             Began as a Demonspawn Hunter on Jan 20, 2024.
             Was a Follower of Qazlal.
             Slain by a kobold brigand
             ... wielding a +0 short sword
              (5 damage)
             ... in a sewer.
             The game lasted 00:05:44 (2857 turns).

gelatine the Shooter (Demonspawn Hunter)            Turns: 2857, Time: 00:05:45

Health: 0/52       AC:  5    Str:  9 (11) XL:     7   Next: 4%
Magic:  7/7        EV: 12    Int:  9 (10) God:    Qazlal [*.....]
Gold:   159        SH:  2    Dex: 18 (20) Spells: 6/6 levels left

rFire   . . .        a - +0 shortbow
rCold   + . .        (shield currently unavailable)
rNeg    . . .        c - +0 leather armour
rPois   .            (helmet restricted)
rElec   .            m - +0 cloak
rCorr   +            (no gloves)
SInv    +            f - +0 pair of boots
Will    +....        (no amulet)
Stlth   +++          d - ring of resist corrosion
HPRegen 0.28/turn    r - ring of see invisible
MPRegen 0.10/turn

%: no passive effects
@: mighty, brilliant, attractive
A: antennae 1, hooves 1, foul stench 1, demonic touch 2, thin skeletal structure
1, cold resistance 1, strong-willed 1, screaming 1
a: Renounce Religion


You were in a sewer.
You worshipped Qazlal.
Qazlal was aware of your devotion.
You visited 1 branch of the dungeon, and saw 4 of its levels.
You also visited: Sewer.

You collected 159 gold pieces.

Inventory:

Hand Weapons
 a - a +0 shortbow (weapon)
Armour
 c - a +0 leather armour (worn)
 f - a +0 pair of boots (worn)
 m - a +0 cloak (worn)
Jewellery
 d - a ring of resist corrosion (left hand)
 o - an amulet of faith
 r - a ring of see invisible (right hand)
Scrolls
 b - a scroll of butterflies
 g - 2 scrolls of enchant armour {unknown}
 i - a scroll of poison {unknown}
 j - 4 scrolls of identify {unknown}
 n - a scroll of fog {unknown}
 q - a scroll of fear {unknown}
 t - a scroll of blinking {unknown}
Potions
 e - a potion of mutation
 s - a potion of attraction


   Skills:
 + Level 3.1 Fighting
 + Level 6.8 Ranged Weapons
 + Level 2.0 Armour
 + Level 2.3 Dodging
 + Level 1.0 Stealth


You had 6 spell levels left.
You didn't know any spells.
Your spell library contained the following spells:

 Spells                   Type           Power      Damage    Failure   Level
 Slow                     Hex            0%         N/A       50%         1
 Ensorcelled Hibernation  Hex/Ice        0%         N/A       63%         2
 Confusing Touch          Hex            0%         N/A       86%         3
 Passwall                 Erth           0%         N/A       86%         3
 Sigil of Binding         Hex            0%         N/A       86%         3
 Swiftness                Air            0%         N/A       86%         3
 Tukima's Dance           Hex            0%         N/A       86%         3
 Vampiric Draining        Necr           0%         2d6       86%         3
 Passage of Golubria      Tloc           0%         N/A       99%         4
 Yara's Violent Unravell  Hex/Alch       0%         3d3       100%        5


Dungeon Overview and Level Annotations

Branches:
Dungeon (4/15)              Sewer (1/1)
 Temple: D:4-7

Altars:
Cheibriados
Makhleb
Okawaru
Qazlal


Innate Abilities, Weirdness & Mutations

You have a pair of small antennae on your head.
You have large cloven feet.
You may rarely emit foul miasma when damaged in melee.
Your touch may inflict irresistible damage on your foes.
You have a somewhat thin skeletal structure. (Dex +2, Stealth+)
Your flesh is cold resistant. (rC+)
You are strong-willed. (Will+)
You occasionally shout uncontrollably at your foes.


Message History

It was a potion of mutation.
You feel extremely strange.
You feel strong-willed.
You feel resistant to cold.
You feel the urge to shout.
Your bones become slightly less dense.
You feel sick.
The kobold brigand splashes around in the water.
It was a potion of might.
You feel very mighty all of a sudden.
You feel sick.
The kobold brigand splashes around in the water.
It was a potion of ambrosia.
You are confused.
You feel invigorated.
You feel sick.
The kobold brigand hits you with a +0 short sword.
* * * LOW HITPOINT WARNING * * *
You emit a cloud of foul miasma!
It was a potion of attraction.
You feel attractive to monsters.
You feel sick.
The kobold brigand is engulfed in dark miasma.
The kobold brigand is poisoned.
The kobold brigand hits you with a +0 short sword.
* * * LOW HITPOINT WARNING * * *
It was a potion of brilliance.
You feel clever all of a sudden.
You feel less invigorated.
You feel less confused.
You feel sick.
The kobold brigand is engulfed in dark miasma.
The kobold brigand looks even sicker.
The kobold brigand hits you with a +0 short sword.
* * * LOW HITPOINT WARNING * * *
It was a potion of degeneration.
There was something very wrong with that liquid.
You feel weakened.
You feel dopey.
You feel clumsy.
You feel sick.
You are no longer poisoned.
The kobold brigand is engulfed in dark miasma.
The kobold brigand looks even sicker.
The kobold brigand hits you with a +0 short sword.
You die...

≈≈≈≈≈P.## ≈≈.~.P~ .~.~PP####
..~~.~.~~. ~..~...#
#######..~.~.#
~~~~~~K☼P~.~~#
#######@~P...#~
≈≈≈≈≈≈...P....#~P
≈≈≈≈≈≈.~P..~~.#~#
≈≈≈≈≈~...~...~#~# {
≈≈≈≈..~~....~#~#########
≈≈≈≈..~.~..~~#~#~.#~#..P
#####~P...~~.~.~P.~#~#..P
≈≈≈≈~~P~.~~~..÷÷÷~.#~#...
########P~...~~~~).~..#~#~..


You could see a kobold brigand (very poisoned).

Vanquished Creatures
  A black bear (D:4)
  3 kobold brigands (Sewer)
  A scorpion (D:4)
  An orc priest (D:4)
  An adder (D:4)
  3 river rats (Sewer)
  A dart slug (D:2)
  6 ribbon worms
  5 orcs
  9 ball pythons
  4 bats
  3 endoplasms
  8 giant cockroaches
  9 goblins
  10 hobgoblins
  5 jackals
  6 quokkas
  7 frilled lizards
  5 kobolds
  8 rats
96 creatures vanquished.

Notes
Turn   | Place    | Note
-------+----------+-------------------------------------------
     0 | D:1      | gelatine the Demonspawn Hunter began the quest for the Orb.
     0 | D:1      | Reached XP level 1. HP: 16/16 MP: 1/1
    35 | D:1      | Gained mutation: You may rarely emit foul miasma when
                  | damaged in melee. [demonic ancestry]
    35 | D:1      | Reached XP level 2. HP: 21/22 MP: 2/2
    51 | D:1      | Reached skill level 4 in Ranged Weapons
   356 | D:1      | Discovered your monstrous ancestry.
   356 | D:1      | Gained mutation: Your touch may inflict minor irresistible
                  | damage on your foes. [demonic ancestry]
   356 | D:1      | Reached XP level 3. HP: 27/27 MP: 3/3
  1218 | D:3      | Found a faded altar of an unknown god.
  1391 | D:3      | Found an iron altar of Okawaru.
  1464 | D:3      | Found a stormy altar of Qazlal.
  1474 | D:3      | Became a worshipper of Qazlal Stormbringer
  1484 | D:3      | Reached skill level 1 in Armour
  1662 | D:3      | Gained mutation: You have a pair of small antennae on your
                  | head. [demonic ancestry]
  1662 | D:3      | Reached XP level 4. HP: 33/33 MP: 4/4
  1986 | D:4      | Noticed a scorpion
  2007 | D:4      | Killed a scorpion
  2008 | D:4      | Reached skill level 5 in Ranged Weapons
  2008 | D:4      | Gained mutation: Your touch may inflict irresistible damage
                  | on your foes. [demonic ancestry]
  2008 | D:4      | Reached XP level 5. HP: 33/38 MP: 5/5
  2034 | D:4      | Noticed a black bear
  2051 | D:4      | Killed a black bear
  2216 | D:4      | Found a burning altar of Makhleb.
  2221 | D:4      | Noticed an angel
  2221 | D:4      | Noticed an Executioner
  2231 | D:4      | Found a snail-covered altar of Cheibriados.
  2254 | D:4      | Reached XP level 6. HP: 28/46 MP: 6/6
  2393 | D:4      | Reached skill level 1 in Stealth
  2405 | D:4      | Found a glowing drain.
  2427 | D:4      | Reached * piety under Qazlal
  2436 | D:4      | Reached skill level 6 in Ranged Weapons
  2440 | Sewer    | Entered a sewer
  2852 | Sewer    | Gained mutation: You have large cloven feet. [demonic
                  | ancestry]
  2852 | Sewer    | Reached XP level 7. HP: 12/52 MP: 7/7
  2852 | Sewer    | Gained mutation: You are strong-willed. (Will+) [potion of
                  | mutation]
  2852 | Sewer    | Gained mutation: Your flesh is cold resistant. (rC+)
                  | [potion of mutation]
  2852 | Sewer    | Gained mutation: You occasionally shout uncontrollably at
                  | your foes. [potion of mutation]
  2852 | Sewer    | Gained mutation: You have a somewhat thin skeletal
                  | structure. (Dex +2, Stealth+) [potion of mutation]
  2857 | Sewer    | Slain by a kobold brigand

Illustrated notes

Levels and vault maps discovered:
D:1:      minmay_arrival_hallway, layout_rooms, hex_intersection
D:2:      layout_loops_ring
D:3:      layout_basic, mainiacjoe_overflow_large_starburst,
          chequers_ecumenical_altar_simple_redux
D:4:      layout_loops_cross, grunt_temple_overflow_order_and_chaos_2,
          slow_altar_1, gup_sewer_entry_pipe
Sewer:    sewer_co_scattered_pipes

Skill      XL: |  1  2  3  4  5  6 |
---------------+-------------------+-----
Dodging        | 2 |  2.3
Ranged Weapons | 4 5 6 |  6.8
Armour         | 1 2 |  2.0
Stealth        | 1 |  1.0
Fighting       | 3 |  3.1

Action                     |  1- 3 |  4- 6 |  7- 9 || total
---------------------------+-------+-------+-------++-------
   Fire: Shortbow          |   102 |   208 |       ||   310
    Use: Potion            |       |       |     6 ||     6
 Armour: Leather armour    |     6 |    74 |     4 ||    84
  Dodge: Dodged            |    14 |    87 |       ||   101
  Block: Other             |       |     2 |       ||     2
